 Dungeon Crawl Stone Soup version 0.28.0-45-g0d030f2227 (webtiles) character file.

Game seed: 11620825869383157432

642 101zpm the Covered (level 7, -2/44 HPs)
             Began as a Gargoyle Fighter on Apr 10, 2022.
             Slain by a water moccasin (3 damage)
             ... on level 6 of the Dungeon.
             The game lasted 00:11:54 (5445 turns).

101zpm the Covered (Gargoyle Fighter)               Turns: 5445, Time: 00:11:54

Health: -2/44      AC: 11    Str: 21    XL:     7   Next: 51%
Magic:  7/7        EV: 11    Int:  9    God:
Gold:   196        SH:  5    Dex: 16    Spells: 6/6 levels left

rFire   . . .      SeeInvis .   o - +1 hand axe (vorpal)
rCold   + + .      Faith    .   c - +0 buckler
rNeg    + . .      Spirit   .   G - +1 leather armour of Limitation {*Slow rC++ Dex+7}
rPois   ∞          Reflect  .   m - +0 hat
rElec   +          Harm     .   (no cloak)
rCorr   .          Rampage  .   B - +0 pair of gloves
Will    +....                   z - +0 pair of boots
Stlth   ++........              h - amulet of magic regeneration
HPRegen 0.14/turn               F - ring of willpower
MPRegen 0.50/turn               (no ring)

@: no status effects
A: sickness immunity, AC +4, negative energy resistance 1, electricity
resistance, torment resistance 1, petrification resistance
a: no special abilities


You were on level 6 of the Dungeon.
You visited 1 branch of the dungeon, and saw 6 of its levels.

You collected 196 gold pieces.

Inventory:

Hand Weapons
 a - a +0 flail
 o - a +1 vorpal hand axe (weapon)
Missiles
 l - 3 poisoned darts
 q - 94 stones (quivered)
 r - 102 arrows
 s - 32 sling bullets
 t - 40 bolts
Armour
 b - a +0 scale mail
 c - a +0 buckler (worn)
 m - a +0 hat (worn)
 z - a +0 pair of boots (worn)
 B - a +0 pair of gloves (worn)
 D - a +2 ring mail of cold resistance
 G - the +1 leather armour of Limitation (worn) {*Slow rC++ Dex+7}
   (You found it on level 6 of the Dungeon)

   Dex:       It affects your dexterity (+7).
   rC:        It greatly protects you from cold.
   *Slow:     It may slow you when you take damage.
Jewellery
 h - an amulet of magic regeneration (around neck)
 w - an amulet of faith
 F - a ring of willpower (left hand)
Wands
 n - a wand of flame (24)
 y - a wand of polymorph (8)
Scrolls
 g - a scroll of enchant weapon
 j - 2 scrolls of blinking
 k - a scroll of brand weapon
 p - 3 scrolls of amnesia
 u - 4 scrolls of immolation
 x - a scroll of vulnerability {unknown}
 A - a scroll of fog {unknown}
Potions
 d - 2 potions of might
 e - 3 potions of curing
 f - a potion of attraction {unknown}
 i - a potion of heal wounds {unknown}
 v - a potion of degeneration {unknown}
 C - a potion of flight {unknown}
 E - a potion of brilliance {unknown}


   Skills:
 + Level 4.5 Fighting
 + Level 3.6(4.1) Axes
 + Level 3.0(4.0) Maces & Flails
 + Level 1.5 Throwing
 + Level 5.2 Armour
 + Level 1.3 Dodging
 + Level 1.4 Stealth
 + Level 4.0 Shields


You had 6 spell levels left.
You didn't know any spells.
Your spell library contained the following spells:

 Spells                   Type           Power      Damage    Failure   Level
 Magic Dart               Conj           0%         1d3       52%         1
 Call Imp                 Summ           0%         N/A       67%         2
 Ensorcelled Hibernation  Hex/Ice        0%         N/A       67%         2
 Mephitic Cloud           Conj/Pois/Air  0%         N/A       88%         3
 Spider Form              Tmut/Pois      0%         N/A       88%         3
 Anguish                  Hex/Necr       0%         N/A       99%         4
 Summon Lightning Spire   Summ/Air       0%         N/A       99%         4
 Iskenderun's Battlesphe  Conj           0%         2d6       100%        5
 Iron Shot                Conj/Erth      0%         9d1       100%        6
 Spellforged Servitor     Conj/Summ      0%         N/A       100%        7
 Storm Form               Tmut/Air       0%         N/A       100%        7
 Maxwell's Capacitive Co  Air            0%         ∞         100%        8


Dungeon Overview and Level Annotations

Branches:
Dungeon (6/15)             Temple (0/1) D:6

Altars:
Okawaru

Shops:
D:2 :


Innate Abilities, Weirdness & Mutations

You are immune to sickness and miasma.
Your stone body is resilient. (AC +4)
You are immune to poison.
You resist negative energy. (rN+)
You are resistant to electric shocks. (rElec)
You are resistant to unholy torment.
You are immune to petrification.


Message History

The water moccasin closely misses you.
Throw: 95 stones
Press: ? - help, Q - select action, (/) - cycle Shift-Dir - straight line, f - water moccasin
Aim: a water moccasin (lightly wounded, 44% to hit)
You throw a stone. The stone hits the water moccasin.
The water moccasin is moderately wounded.
The water moccasin bites you but does no damage.
You hit the water moccasin but do no damage.
The water moccasin is moderately wounded.
The water moccasin bites you!
* * * LOW HITPOINT WARNING * * *
You barely miss the water moccasin.
The water moccasin is moderately wounded.
The water moccasin closely misses you. The water moccasin bites you!
* * * LOW HITPOINT WARNING * * *
You hit the water moccasin.
The water moccasin is heavily wounded.
The water moccasin bites you but does no damage. x2
You hit the water moccasin but do no damage.
The water moccasin is heavily wounded.
The water moccasin bites you.
* * * LOW HITPOINT WARNING * * *
You hit the water moccasin but do no damage.
The water moccasin is moderately wounded.
The water moccasin barely misses you. You block the water moccasin's attack.
You barely miss the water moccasin.
The water moccasin is moderately wounded.
You block the water moccasin's attack.
You miss the water moccasin.
The water moccasin is moderately wounded.
The water moccasin bites you but does no damage.
The water moccasin barely misses you. You block the water moccasin's attack.
The water moccasin bites you but does no damage.
The water moccasin bites you but does no damage.
There is an escape hatch in the ceiling here.
The water moccasin bites you!
* * * LOW HITPOINT WARNING * * *
The water moccasin bites you.
You die...

..##.###.⌠..>..⌠..##
....................
..#########...###... .
#.⌠.# ...####
#####...######...
####......###.....#
.....###.........# #...#
#..##.....### .#####...#
#...#@.......
.........###.#.#S#######
................S# ###
.....[..######.S.#.....
.#####..# #[....#
##.######.#...#
######..(S....#>..#
##......#####........
##.##..## ..###+####


You could see a water moccasin and 2 adders.

Vanquished Creatures
  Sigmund (D:2)
  A phantom (D:5)
  2 bullfrogs (D:6)
  A wyvern zombie (D:6)
  A hound (D:4)
  Jessica (D:2)
  Ijyb (D:3)
  A howler monkey zombie (D:4)
  4 adders
  2 gnolls
  3 worms
  3 dart slugs
  9 orcs
  3 endoplasms
  6 giant cockroaches
  4 hobgoblins
  3 quokkas
  8 ball pythons
  8 bats
  3 frilled lizards
  5 goblins
  5 kobolds
  5 rats
80 creatures vanquished.

Notes
Turn   | Place    | Note
-------+----------+-------------------------------------------
     0 | D:1      | 101zpm the Gargoyle Fighter began the quest for the Orb.
     0 | D:1      | Reached XP level 1. HP: 14/14 MP: 1/1
   216 | D:1      | Reached XP level 2. HP: 20/20 MP: 2/2
   665 | D:1      | Reached XP level 3. HP: 24/24 MP: 3/3
   844 | D:2      | Noticed Jessica
   851 | D:2      | Killed Jessica
   936 | D:2      | Reached XP level 4. HP: 24/29 MP: 4/4
  1061 | D:2      | Found Siugugh's Book Boutique.
  1328 | D:2      | Found an iron altar of Okawaru.
  1379 | D:2      | Noticed Sigmund
  1922 | D:3      | Reached skill level 4 in Armour
  2328 | D:3      | Noticed Ijyb
  2337 | D:3      | Killed Ijyb
  2338 | D:3      | Reached skill level 1 in Axes
  2338 | D:3      | Reached XP level 5. HP: 33/33 MP: 5/5
  2924 | D:3      | Found a faded altar of an unknown god.
  3688 | D:4      | Reached XP level 6. HP: 22/38 MP: 6/6
  4137 | D:4      | Noticed a black bear
  4415 | D:2      | Killed Sigmund
  4416 | D:2      | Reached skill level 1 in Dodging
  4416 | D:2      | Reached skill level 1 in Stealth
  4612 | D:5      | Entered Level 5 of the Dungeon
  4625 | D:5      | Noticed an ice beast
  4950 | D:5      | Reached skill level 1 in Throwing
  4950 | D:5      | Reached skill level 5 in Armour
  4950 | D:5      | Reached XP level 7. HP: 20/44 MP: 7/7
  5198 | D:6      | Found a staircase to the Ecumenical Temple.
  5325 | D:6      | Identified the +1 leather armour of Limitation {*Slow rC++
                  | Dex+7}
  5445 | D:6      | HP: 1/44 [water moccasin (7)]
  5445 | D:6      | Slain by a water moccasin

Illustrated notes

Levels and vault maps discovered:
D:1:      eino_arrival_water_star, layout_basic, minmay_3d_cube
D:2:      layout_rooms, basic_altar, serial_glass, glass_columns_b,
          glass_columns_b, serial_shops, nicolae_shop_crystal, uniq_jessica,
          uniq_sigmund
D:3:      layout_loops_corners, serial_aquarium, aquarium_bridge_square
          [aquarium_subvault_bridge, aquarium_subvault_wall,
          aquarium_subvault_wall, aquarium_subvault_wall], aquarium_window_2,
          aquarium_window_1, aquarium_view_2d, aquarium_view_2e,
          aquarium_pool_2, chequers_ecumenical_altar_grove, fountainhead,
          uniq_ijyb
D:4:      layout_basic, chequers_serial_rivers_micro_e
D:5:      layout_gridville
D:6:      layout_basic, minmay_temple_entry_junction, kennysheep_another_room,
          amcnicky_mini_pool_small, amethyst_killhole

Skill      XL: |  1  2  3  4  5  6  7 |
---------------+----------------------+-----
Fighting       | 4 |  4.5
Armour         | 4 5 |  5.2
Maces & Flails | 3 |  3.0
Axes           | 1 2 3 |  3.6
Dodging        | 1 |  1.3
Stealth        | 1 |  1.4
Throwing       | 1 |  1.5
Shields        | 4 |  4.0

Action                   |  1- 3 |  4- 6 |  7- 9 || total
-------------------------+-------+-------+-------++-------
Melee: Flail             |    74 |       |       ||    74
       Hand axe          |       |   186 |    35 ||   221
Throw: Dart              |     4 |    16 |       ||    20
       Stone             |       |    12 |     4 ||    16
  Use: Scroll            |       |     6 |       ||     6
Armor: Scale mail        |    33 |    86 |       ||   119
       Skin              |       |     5 |       ||     5
       Ring mail         |       |    19 |    12 ||    31
       Leather armour    |       |       |    18 ||    18
Dodge: Dodged            |    28 |    89 |    26 ||   143
Block: Buckler           |    22 |    43 |    14 ||    79
